 Dungeon Crawl Stone Soup version 0.31.0-9-g3a7656b989 (webtiles) character file.

Game seed: 13265007025831224748

161 qw the Shooter (level 5, -2/26 HPs)
             Began as a Spriggan Hunter on Feb 3, 2024.
             Was an Initiate of Okawaru.
             Succumbed to a scorpion's poison
             ... on level 4 of the Dungeon.
             The game lasted 00:00:12 (3074 turns).

qw the Shooter (Spriggan Hunter)                    Turns: 3074, Time: 00:00:12

Health: -2/26      AC:  4    Str:  7    XL:     5   Next: 18%
Magic:  6/6        EV: 20    Int: 11    God:    Okawaru [......]
Gold:   73         SH:  0    Dex: 20    Spells: 4/4 levels left

rFire   . . .        a - +1 shortbow
rCold   . . .        (shield currently unavailable)
rNeg    . . .        f - +1 robe {Will+}
rPois   .            (helmet restricted)
rElec   .            i - +0 cloak
rCorr   .            (gloves unavailable)
SInv    +            (boots unavailable)
Will    +....        (no amulet)
Stlth   ++           (no ring)
HPRegen 0.24/turn    (no ring)
MPRegen 0.10/turn

%: no passive effects
@: lethally poisoned (-2 -> -13), very quick
A: very small, no large weapons, unfitting armour, see invisible, speed 3
a: Renounce Religion


You were on level 4 of the Dungeon.
You worshipped Okawaru.
Okawaru was noncommittal.
You visited 1 branch of the dungeon, and saw 4 of its levels.

You collected 73 gold pieces.


Innate Abilities, Weirdness & Mutations

You are very small and have problems with some larger weapons.
You are too small for most types of armour.
You have supernaturally acute eyesight. (SInv)
You cover ground extremely quickly. (Speed+++)


   Skills:
 - Level 2.0 Fighting
 + Level 5.3 Ranged Weapons
 - Level 5.0 Dodging
 - Level 1.5 Stealth


You had 4 spell levels left.
You didn't know any spells.
Your spell library was empty.

Inventory:

Hand Weapons
 a - a +1 shortbow (weapon)
Armour
 f - a +1 robe of willpower (worn)
 i - a +0 cloak (worn)
Potions
 b - a potion of attraction {unknown}
 e - 3 potions of curing

Dungeon Overview and Level Annotations

Branches:
Dungeon (4/15)
 Temple: D:4-7

Altars:
Ashenzari
Cheibriados
Okawaru

Shops:
D:2 :


Message History

The scorpion is heavily wounded.
You shoot an arrow.
The arrow hits the scorpion but does no damage.
The scorpion is heavily wounded.
You shoot an arrow. The arrow barely misses the scorpion.
The scorpion misses you. x2
You shoot an arrow. The arrow closely misses the scorpion.
The scorpion stings you.
You are poisoned.
The scorpion poisons you!
You shoot an arrow. The arrow hits the scorpion.
The scorpion is heavily wounded.
You feel very sick. The scorpion stings you.
You shoot an arrow.
The arrow completely misses the scorpion.
You feel very sick. The scorpion closely misses you. The scorpion misses you.
You shoot an arrow.
The arrow hits the scorpion but does no damage.
The scorpion is moderately wounded.
You feel sick. The scorpion misses you.
You shoot an arrow. The arrow barely misses the scorpion.
You feel sick. The scorpion misses you.
You shoot an arrow.
The arrow hits the scorpion but does no damage.
The scorpion is moderately wounded.
You feel sick. The scorpion completely misses you.
The scorpion closely misses you.
You shoot an arrow. The arrow hits the scorpion.
The scorpion is severely wounded.
You feel sick. The scorpion stings you.
You are lethally poisoned!
The scorpion poisons you!
You shoot an arrow. The arrow barely misses the scorpion.
You feel very sick. The scorpion closely misses you.
You shoot an arrow.
The arrow completely misses the scorpion.
You die...

#.## ... ..# ..# ##.#
..# #s# #@# # ####.#
#. #....# #.###
#.#### ...# #.# #
#.### ##.##### ..
#...####......##
#.###.#..............
#.)...######......##.


You could see a scorpion.

Vanquished Creatures
  Jessica (D:3)
  An orc wizard (D:3)
  Robin (D:2)
  2 adders (D:3)
  4 ribbon worms
  6 orcs
  6 endoplasms
  A giant cockroach (D:2)
  11 goblins
  9 hobgoblins
  3 kobolds
  2 quokkas
  4 ball pythons
  6 bats
  2 frilled lizards
  5 rats
64 creatures vanquished.

Notes
Turn   | Place    | Note
-------+----------+-------------------------------------------
     0 | D:1      | qw the Spriggan Hunter began the quest for the Orb.
     0 | D:1      | Reached XP level 1. HP: 10/10 MP: 2/2
     0 | D:1      | 0 ||| qw: Version: 0.3-a-155-g5e7d8dd
     0 | D:1      | 0 ||| qw: Game counter: 3054
     0 | D:1      | 0 ||| qw: Melee chars always use a shield: true
     0 | D:1      | 0 ||| qw: God list: Okawaru
     0 | D:1      | 0 ||| qw: Allow faded altars: false
     0 | D:1      | 0 ||| qw: Do Orc after clearing Dungeon:15 true
     0 | D:1      | 0 ||| qw: Do second Lair branch before Depths: true
     0 | D:1      | 0 ||| qw: Lair rune preference: random
     0 | D:1      | 0 ||| qw: Goals: Normal
     0 | D:1      | 0 ||| PLANNING D:1-11
    81 | D:1      | Reached skill level 3 in Dodging
   167 | D:1      | Reached XP level 2. HP: 14/14 MP: 3/3
   840 | D:1      | 840 ||| UPGRADING to +0 cloak.
   845 | D:1      | 845 ||| READING 2 scrolls labelled POBBEA HOSH.
   845 | D:1      | 845 ||| IDENTIFYING cyan potion
   846 | D:1      | 846 ||| READING scroll of identify.
   846 | D:1      | 846 ||| IDENTIFYING fizzy dark potion
   847 | D:1      | 847 ||| READING scroll labelled BUR USHUEC.
   850 | D:1      | 850 ||| READING scroll labelled PEOPNUS TIAQ.
   850 | D:1      | 850 ||| ENCHANTING +0 shortbow.
   851 | D:1      | 851 ||| READING scroll labelled DAPLID PYMU.
   952 | D:1      | 952 ||| DRINKING 3 pink potions.
   953 | D:1      | 953 ||| DROPPING scroll of butterflies.
   996 | D:2      | Found an iron altar of Okawaru.
   997 | D:2      | 997 ||| PLANNING OKAWARU WORSHIP
  1004 | D:2      | Became a worshipper of Warmaster Okawaru
  1005 | D:2      | 1005 ||| PLANNING D:1-11
  1161 | D:2      | Reached XP level 3. HP: 18/18 MP: 4/4
  1397 | D:2      | Noticed Robin
  1405 | D:2      | Killed Robin
  1516 | D:2      | Found Haicoalu's Book Shop.
  1597 | D:2      | Reached XP level 4. HP: 22/22 MP: 5/5
  1953 | D:2      | 1953 ||| READING scroll labelled HOOGUL JIOTU.
  2054 | D:2      | 2054 ||| READING scroll labelled EBEUL RYIGG.
  2252 | D:3      | Noticed Jessica
  2258 | D:3      | 2258 ||| DRINKING potion of haste.
  2260 | D:3      | Killed Jessica
  2918 | D:3      | Found a broken altar of Ashenzari.
  2918 | D:3      | Found a snail-covered altar of Cheibriados.
  2928 | D:3      | 2928 ||| UPGRADING to +1 robe of willpower.
  2938 | D:3      | 2938 ||| DROPPING +0 robe.
  2939 | D:3      | 2939 ||| READING scroll labelled OFELAUPSYA.
  2992 | D:4      | 2992 ||| STAIRDANCE
  2996 | D:3      | HP: 5/23 [orc wizard/magic dart (7)]
  2997 | D:3      | 2997 ||| DRINKING potion of heal wounds.
  2999 | D:3      | Reached XP level 5. HP: 26/26 MP: 6/6
  3001 | D:4      | 3001 ||| STAIRDANCE
  3072 | D:4      | HP: 5/26 [scorpion (4)]
  3073 | D:4      | HP: 1/26 [poisoned by a scorpion]
  3074 | D:4      | Succumbed to a scorpion's poison

Levels and vault maps discovered:
D:1:      psy_arrival_dodecagon, layout_basic
D:2:      layout_basic, serial_shops, shop, basic_altar,
          guppyfry_early_orc_mine, uniq_robin
D:3:      layout_loops_corners, nicolae_overflow_two_pavilions, uniq_jessica
D:4:      layout_loops_ring, minmay_temple_entry_water_ring, uniq_ijyb

Skill      XL: |  1  2  3  4 |
---------------+-------------+-----
Dodging        | 3 4 5 |  5.0
Ranged Weapons | 5 |  5.3
Fighting       | 2 |  2.0
Stealth        | |  1.5

Action                     |  1- 3 |  4- 6 || total
---------------------------+-------+-------++-------
   Fire: Shortbow          |    88 |    72 ||   160
    Use: Scroll            |     5 |     3 ||     8
         Potion            |     1 |     2 ||     3
 Armour: Robe              |     1 |    12 ||    13
  Dodge: Dodged            |     6 |    22 ||    28

Table legend:
 A = Non-vault XP
 B = Vault XP
 C = Vault XP percentage of total XP
 D = Non-vault monster count
 E = Vault monster count
 F = Vault count percentage of total count
                 A         B        C        D         E       F
            +---------+---------+-------+---------+---------+-------
      Total |     148 |      82 |  35.7 |      49 |      15 |  23.4
            +---------+---------+-------+---------+---------+-------
        D:1 |      29 |       0 |   0.0 |      19 |       0 |   0.0
        D:2 |      32 |      45 |  58.4 |      17 |      14 |  45.2
        D:3 |      84 |      37 |  30.6 |      12 |       1 |   7.7
        D:4 |       3 |       0 |   0.0 |       1 |       0 |   0.0
            +---------+---------+-------+---------+---------+-------
